 Dungeon Crawl Stone Soup version 0.29-a0-359-g541a27f54d (webtiles) character file.

Game seed: 10501628422587662213

8 lucidbluej the Poker (level 2, 0/29 HPs)
             Began as an Ogre Gladiator on Apr 27, 2022.
             Slain by a jackal (3 damage)
             ... on level 1 of the Dungeon.
             The game lasted 00:00:43 (121 turns).

lucidbluej the Poker (Ogre Gladiator)                Turns: 121, Time: 00:00:44

Health: 0/29       AC:  3    Str: 17    XL:     2   Next: 8%
Magic:  2/2        EV: 10    Int:  9    God:
Gold:   0          SH:  0    Dex: 10    Spells: 1/1 levels left

rFire   . . .      SeeInvis .   a - +0 trident
rCold   . . .      Faith    .   (no shield)
rNeg    . . .      Spirit   .   b - +0 robe
rPois   .          Reflect  .   c - +0 hat
rElec   .          Harm     .   (no cloak)
rCorr   .          Rampage  .   (gloves unavailable)
Will    .....                   (boots unavailable)
Stlth   +.........              (no amulet)
HPRegen 0.09/turn               (no ring)
MPRegen 0.08/turn               (no ring)

@: no status effects
A: large, unfitting armour, tough skin 1
a: no special abilities


You were on level 1 of the Dungeon.
You visited 1 branch of the dungeon, and saw 1 of its levels.

Inventory:

Hand Weapons
 a - a +0 trident (weapon)
Missiles
 d - 3 throwing nets (quivered)
 e - a large rock
Armour
 b - a +0 robe (worn)
 c - a +0 hat (worn)
Potions
 f - a potion of heal wounds {unknown}


   Skills:
 + Level 2.8 Fighting
 + Level 3.2 Polearms
 + Level 2.0 Throwing
 + Level 2.9 Dodging


You had one spell level left.
You didn't know any spells.
Your spell library was empty.

Dungeon Overview and Level Annotations

Branches:
Dungeon (1/15)

Altars:


Innate Abilities, Weirdness & Mutations

You are too large for most types of armour.
You have tough skin. (AC +1)


Message History

An endoplasm comes into view.
The endoplasm quivers.
You see here a jackal corpse.
You hit the jackal.
The jackal is almost dead.
The jackal closely misses you. x2
You puncture the jackal!
You kill the jackal!
The jackal bites you. The jackal closely misses you.
You hit the jackal.
The jackal is almost dead.
The jackal bites you but does no damage.
The jackal bites you.
The jackal bites you but does no damage.
You puncture the jackal!
You kill the jackal!
The jackal barely misses you. x2
You have reached level 2!
You hit the endoplasm.
The endoplasm is heavily wounded.
The jackal bites you. The endoplasm freezes you.
You are frozen.
* * * LOW HITPOINT WARNING * * *
The jackal bites you.
* * * LOW HITPOINT WARNING * * *
You hit the endoplasm but do no damage.
The endoplasm is heavily wounded.
The jackal closely misses you. The endoplasm barely misses you.
You puncture the endoplasm!
You kill the endoplasm!
The jackal barely misses you.
The jackal bites you but does no damage.
The jackal bites you.
* * * LOW HITPOINT WARNING * * *
You see here a jackal corpse.
The jackal bites you but does no damage.
The jackal completely misses you. The jackal bites you.
You die...

...###..# #..# #..#
#.†################
#.†................
##.###########..###
..#####.######..........
#......h.......#####'###
#######@#####..#PPP#.#PP
#.# ..#P⌠P#.#P⌠ #.#
..#PPP#.#PP #.#
..#####.### #.#
..+....<... #.#
..#####.### #.#
..#PPP#.#PP #.#
.!#P⌠P#.#P⌠ ..#PPP#.#PP


You could see a jackal.

Vanquished Creatures
  An endoplasm (D:1)
  A giant cockroach (D:1)
  3 jackals (D:1)
  A quokka (D:1)
6 creatures vanquished.

Notes
Turn   | Place    | Note
-------+----------+-------------------------------------------
     0 | D:1      | lucidbluej the Ogre Gladiator began the quest for the Orb.
     0 | D:1      | Reached XP level 1. HP: 22/22 MP: 1/1
   114 | D:1      | Reached XP level 2. HP: 12/29 MP: 2/2
   121 | D:1      | Slain by a jackal

Illustrated notes

Levels and vault maps discovered:
D:1:      beargit_arrival_greenhouse, layout_loops_ring, basic_ecumenical_altar,
          hangedman_feature_mirror

Action                   || total
-------------------------++-------
Melee: Trident           ||    18
Armor: Robe              ||    10
Dodge: Dodged            ||    16

Table legend: (Time is in decaauts)
 A = Elapsed time spent in this place.
 B = Non-inter-level travel time spent in this place.
 C = Inter-level travel time spent in this place.
 D = Time resting spent in this place.
 E = Time spent auto-exploring this place.
 F = Levels seen in this place.
 G = Mean time per level.
                   A        B        C        D        E       F      G
               +--------+--------+--------+--------+--------+-----+--------+
         Total |    123 |    115 |      8 |      0 |      0 |   1 |  123.0 |
       Dungeon |    123 |    115 |      8 |      0 |      0 |   1 |  123.0 |
               +--------+--------+--------+--------+--------+-----+--------+

Top non-repeatable levels by time:
     D:1: 123 daAuts
